 Dungeon Crawl Stone Soup version 0.27-a0-1136-g0b992a5a9d (webtiles) character file.

Game seed: 9611566459141532739

707874 Ge0ff the Formicid Arbalest (level 27, -11/183 HPs)
             Began as a Formicid Arcane Marksman on May 5, 2021.
             Was the Champion of Hepliaklqana.
             Killed from afar by a quicksilver dragon (33 damage)
             ... with a bolt of dispelling energy
             ... on level 4 of the Realm of Zot on May 6, 2021.
             The game lasted 03:15:43 (72703 turns).

Ge0ff the Formicid Arbalest (FoAM)                 Turns: 72703, Time: 03:15:44

Health: -11/183    AC: 34    Str: 25    XL:     27
Magic:  0/35       EV: 17    Int: 13    God:    Hepliaklqana [******]
Gold:   8064       SH: 29    Dex: 17    Spells: 35/36 levels left

rFire    + + .     SeeInvis +   a - +6 arbalest "Damnation" {damnation}
rCold    . . .     Faith    .   l - +8 tower shield
rNeg     . . .     Spirit   +   Q - +3 chain mail "Guteweh" {rElec rPois Regen+ SInv}
rPois    +         Reflect  .   (helmet unavailable)
rElec    +         Harm     .   A - +1 cloak of Beeror {Rampage rF+ Stlth+}
rCorr    +         Rampage  +   i - +0 pair of fencer's gloves {Riposte Dex+3}
Will     +++..                  D - +2 pair of boots {rampage}
Stlth    ..........             Y - amulet of guardian spirit
HPRegen  1.40/turn              H - ring of the Tortoise {AC+8, =R}
MPRegen  0.24/turn              f - ring of Finality {Fly rCorr Slay+4}

@: unable to drink, flying, studying 3 skills
A: no potions, reduced essence, permanent stasis, dig shafts and tunnels,
antennae 3, four strong arms, hooves 1, fire resistance 1, frail 1,
strong-willed 1, MP-powered wands
}: 4/15 runes: decaying, slimy, silver, gossamer
a: Dig, Shaft Self, Renounce Religion, Recall Ancestor, Ancestor Identity,
Transference, Idealise


You were on level 4 of the Realm of Zot.
You worshipped Hepliaklqana.
Hepliaklqana was exalted by your worship.
You visited 12 branches of the dungeon, and saw 57 of its levels.
You visited the Abyss 1 time.
You also visited: Trove, Bailey, Ice Cave and Desolation.

You collected 11587 gold pieces.
You spent 3523 gold pieces at shops.

Inventory:

Hand Weapons
 a - the +6 arbalest "Damnation" (weapon) {damnation}
   (You acquired it on level 2 of the Depths)
 b - a +9 triple crossbow of freezing
 h - the +7 lajatang of Order {silver, rMut}
   (You acquired it on level 3 of the Elven Halls)

   It protects you from mutation.
 w - a +6 fustibalus of venom
Missiles
 g - 3 throwing nets {=f}
 r - 32 boomerangs
 v - 23 curare-tipped darts {=f}
 z - 5 javelins
 J - 288 bolts (quivered ammo)
 P - 217 sling bullets
 Z - 11 silver javelins
Armour
 i - the +0 pair of fencer's gloves (worn) {Riposte Dex+3}
   (You acquired it on level 4 of the Swamp)

   It affects your dexterity (+3).
 l - a +8 tower shield (worn)
 A - the +1 cloak of Beeror (worn) {Rampage rF+ Stlth+}
   (You found it on level 4 of the Spider Nest)

   It protects you from fire.
   It bestows one free step when moving towards enemies.
   It makes you more stealthy.
 D - a +2 pair of boots of rampaging (worn)
 Q - the +3 chain mail "Guteweh" (worn) {rElec rPois Regen+ SInv}
   (You bought it in a shop on level 2 of the Orcish Mines)

   It insulates you from electricity.
   It protects you from poison.
   It lets you see invisible.
   It increases your rate of health regeneration.
Jewellery
 f - the ring of Finality (right hand) {Fly rCorr Slay+4}
   (You took it off a ragged hierophant in the Desolation of Salt)

   [ring of slaying]

   It affects your accuracy and damage with ranged weapons and melee attacks
   (+4).
   It grants you flight.
   It protects you from acid and corrosion.
 B - the ring "Jeinapo" {EV+4 Str+8 Int+4 Slay-3}
   (You found it on level 5 of the Pits of Slime)

   [ring of evasion]

   It affects your evasion (+4).
   It affects your strength (+8).
   It affects your intelligence (+4).
   It affects your accuracy and damage with ranged weapons and melee attacks
   (-3).
 G - the ring "Kefiw" {rN+ Int+6 Dex+3}
   (You found it on level 5 of the Pits of Slime)

   [ring of intelligence]

   It affects your intelligence (+6).
   It affects your dexterity (+3).
   It protects you from negative energy.
 H - the ring of the Tortoise (left hand) {AC+8, =R}
   (You took it off a deep elf sorcerer on level 3 of the Elven Halls)

   [ring of protection]

   It affects your AC (+8).
 T - a ring of protection from cold
 X - the amulet of Vitality {Regen+ HP+15}
   (You found it in a treasure trove)

   [amulet of regeneration]

   It affects your health (+15).
   It increases your rate of health regeneration.
 Y - an amulet of guardian spirit (around neck)
Wands
 d - a wand of digging (26)
 e - a wand of charming (59)
 j - a wand of acid (13)
 k - a wand of iceblast (85)
 p - a wand of paralysis (51)
 s - a wand of mindburst (35)
Scrolls
 m - 5 scrolls of magic mapping
 u - 2 scrolls of holy word
 x - 6 scrolls of enchant armour
 y - 11 scrolls of immolation
 E - 5 scrolls of fear
 F - 4 scrolls of fog
 S - a scroll of summoning
 V - 11 scrolls of vulnerability
Potions
 o - 4 potions of ambrosia
 q - 24 potions of curing
 C - 14 potions of mutation {!q}
 I - 2 potions of invisibility
 K - 7 potions of magic {!q}
 L - 6 potions of lignification
 M - 14 potions of might
 N - 10 potions of cancellation {!q}
 R - 5 potions of resistance
 W - 14 potions of heal wounds {!q}
Miscellaneous
 c - a condenser vane
 n - a phial of floods
 t - a tin of tremorstones (2/2)
 O - a box of beasts
 U - a phantom mirror


   Skills:
 + Level 21.5 Fighting
 - Level 14.0(16.2) Slings
 O Level 27 Crossbows
 + Level 13.1(15.1) Throwing
 + Level 19.3 Armour
 - Level 15.0 Dodging
 - Level 2.0 Stealth
 - Level 15.0 Shields
 - Level 5.0 Spellcasting
 - Level 3.6 Hexes
 - Level 7.0 Translocations
 - Level 17.0 Invocations
 - Level 15.0 Evocations


You had 35 spell levels left.
You knew the following spells:

 Your Spells              Type           Power      Damage    Failure   Level
g - Apportation           Tloc           42%        N/A       3%          1

Your spell library contained the following spells:

 Spells                   Type           Power      Damage    Failure   Level
 Gell's Gravitas          Tloc           10%        N/A       10%         3
 Lesser Beckoning         Tloc           10%        N/A       10%         3
 Teleport Other           Tloc           21%        N/A       10%         3
 Corona                   Hex            13%        N/A       14%         1
 Slow                     Hex            12%        N/A       21%         2
 Portal Projectile        Hex/Tloc       34%        N/A       21%         3
 Confusing Touch          Hex            12%        N/A       38%         3
 Tukima's Dance           Hex            12%        N/A       38%         3
 Ensorcelled Hibernation  Hex/Ice        14%        N/A       41%         2
 Animate Skeleton         Necr           6%         N/A       52%         1
 Beastly Appendage        Tmut           6%         N/A       52%         1
 Foxfire                  Conj/Fire      12%        2x1d4     52%         1
 Freeze                   Ice            12%        1d4       52%         1
 Magic Dart               Conj           12%        1d3       52%         1
 Pain                     Necr           12%        1d4       52%         1
 Sandblast                Erth           6%         2d5       52%         1
 Shock                    Conj/Air       12%        1d3       52%         1
 Sting                    Tmut/Pois      12%        1d3       52%         1
 Summon Small Mammal      Summ           12%        N/A       52%         1
 Call Imp                 Summ           3%         N/A       65%         2
 Corpse Rot               Necr/Air       N/A        N/A       65%         2
 Passwall                 Tmut/Erth      2%         N/A       65%         2
 Poisonous Vapours        Pois/Air       6%         N/A       65%         2
 Searing Ray              Conj           6%         3d3       65%         2
 Static Discharge         Conj/Air       3%         N/A       65%         2
 Wereblood                Tmut           3%         N/A       65%         2
 Dazzling Flash           Conj/Hex       14%        N/A       65%         3
 Inner Flame              Hex/Fire       7%         N/A       65%         3
 Summon Guardian Golem    Hex/Summ       7%         N/A       65%         3
 Manifold Assault         Tloc           21%        N/A       67%         5
 Cause Fear               Hex            6%         N/A       80%         4
 Iskenderun's Mystic Bla  Conj/Tloc      12%        2d5       80%         4
 Call Canine Familiar     Summ           3%         N/A       87%         3
 Conjure Flame            Conj/Fire      3%         6-21      87%         3
 Frozen Ramparts          Ice            6%         1d2       87%         3
 Ignite Poison            Fire/Tmut/Pois 3%         N/A       87%         3
 Mephitic Cloud           Conj/Pois/Air  3%         N/A       87%         3
 Ozocubu's Armour         Ice            3%         N/A       87%         3
 Spider Form              Tmut/Pois      1%         N/A       87%         3
 Stone Arrow              Conj/Erth      6%         3d7       87%         3
 Vampiric Draining        Necr           1%         2d6       87%         3
 Fulminant Prism          Conj/Hex       3%         3d6       96%         4
 Leda's Liquefaction      Hex/Erth       3%         N/A       96%         4
 Summon Forest            Summ/Tloc      6%         N/A       98%         5
 Airstrike                Air            1%         N/A       99%         4
 Animate Armour           Summ/Erth      6%         N/A       99%         4
 Animate Dead             Necr           1%         N/A       99%         4
 Hailstorm                Conj/Ice       3%         3d3       99%         4
 Ice Form                 Ice/Tmut       3%         N/A       99%         4
 Olgreb's Toxic Radiance  Pois           3%         N/A       99%         4
 Summon Ice Beast         Ice/Summ       3%         N/A       99%         4
 Summon Lightning Spire   Summ/Air       3%         N/A       99%         4
 Agony                    Necr           3%         N/A       100%        5
 Alistair's Intoxication  Tmut/Pois      2%         N/A       100%        5
 Borgnjor's Vile Clutch   Necr/Erth      1%         N/A       100%        5
 Hydra Form               Tmut           1%         N/A       100%        5
 Lightning Bolt           Conj/Air       1%         1d12      100%        5
 Metabolic Englaciation   Hex/Ice        3%         N/A       100%        5
 Silence                  Hex/Air        3%         N/A       100%        5
 Yara's Violent Unravell  Hex/Tmut       3%         3d4       100%        5
 Blade Hands              Tmut           1%         N/A       100%        6
 Conjure Ball Lightning   Conj/Air       1%         3x3d6     100%        6
 Eringya's Noxious Bog    Tmut/Pois      1%         N/A       100%        6
 Freezing Cloud           Conj/Ice/Air   1%         6-21      100%        6
 Invisibility             Hex            12%        N/A       100%        6
 Shadow Creatures         Summ           N/A        N/A       100%        6
 Simulacrum               Ice/Necr       1%         N/A       100%        6
 Statue Form              Tmut/Erth      2%         N/A       100%        6
 Dragon Form              Tmut           1%         N/A       100%        7
 Haunt                    Necr/Summ      1%         N/A       100%        7
 Malign Gateway           Summ/Tloc      6%         N/A       100%        7
 Monstrous Menagerie      Summ           1%         N/A       100%        7
 Summon Hydra             Summ           1%         N/A       100%        7
 Discord                  Hex            6%         N/A       100%        8
 Summon Horrible Things   Summ           1%         N/A       100%        8
 Dragon's Call            Summ           1%         N/A       100%        9
 Tornado                  Air            1%         N/A       100%        9
 Blink                    Tloc           Unusable   N/A       N/A         2
 Swiftness                Air            Unusable   N/A       N/A         3

Dungeon Overview and Level Annotations

Branches:
Dungeon (15/15)            Temple (1/1) D:6            Lair (6/6) D:10
  Swamp (4/4) Lair:2       Spider (4/4) Lair:2        Slime (5/5) Lair:5
    Orc (2/2) D:10            Elf (3/3) Orc:2        Vaults (5/5) D:14
  Crypt (3/3) Vaults:3       Tomb (0/3) Crypt:3      Depths (5/5) D:15
    Zot (3/5) Depths:5     Bailey (visited)           IceCv (visited)
Desolation (visited)

Altars:
Ashenzari
Cheibriados
Dithmenos
Elyvilon
Fedhas
Gozag
Hepliaklqana
Kikubaaqudgha
Makhleb
Nemelex Xobeh
Okawaru
Qazlal
Ru
Sif Muna
Trog
Uskayaw
Vehumet
Wu Jian
Xom
Yredelemnul
Zin
The Shining One
Beogh
Jiyva

Shops:
D:3 (   D:9 *   D:13 ?   Orc:1 :   Orc:2 [(*=   Elf:1 *   Elf:3 =(?
Vaults:3 ([   Vaults:4 [   Depths:1 =   Depths:2 !

Portals:
Hell: Depths:1 Depths:2 Depths:3 Depths:4 Depths:5
Abyss: Depths:3 Depths:4
Pandemonium: Depths:3
Ziggurat: Depths:5


Innate Abilities, Weirdness & Mutations

You cannot drink.
Your life essence is reduced to manifest your ancestor. (-10% HP)
You cannot be hasted, slowed, berserked, paralysed or teleported.
You can dig through walls and to a lower floor.
You have a pair of large antennae on your head. (SInv)
Your four strong arms can wield two-handed weapons with a shield.
You have large cloven feet.
Your flesh is heat resistant. (rF+)
You are frail. (-10% HP)
You are strong-willed. (Will+)
You expend magic power (3 MP) to strengthen your wands.


Message History

The Killer Klown blinks!
Really rampage while wielding the +6 arbalest "Damnation" {damnation}?
You rampage towards the bone dragon!
You clumsily bash the bone dragon but do no damage.
The Killer Klown does a somersault.
The Killer Klown blinks!
You block the ghost moth's attack. x2
The ghost moth misses you. You block the bone dragon's attack. x2
The bone dragon closely misses you.
You block the quicksilver dragon's attack.
The quicksilver dragon barely misses you.
The Killer Klown blinks!
The Killer Klown flogs you but does no damage.
The ghost moth stares at you.
You feel your power leaking away.
The electric golem hits you but does no damage.
You block the electric golem's attack.
The electric golem completely misses you.
The electric golem hits you but does no damage.
The Killer Klown blinks!
The bone dragon bites you but does no damage.
The bone dragon completely misses you.
The bone dragon tramples you but does no damage.
The ghost moth stares at you. You block the ghost moth's attack.
The ghost moth closely misses you. The ghost moth misses you.
The quicksilver dragon bites you.
The quicksilver dragon claws you but does no damage.
You block the electric golem's attack. x2
The electric golem closely misses you.
The electric golem hits you but does no damage.
The Killer Klown pies you viciously! The klown pie hits you!!
Lemon!
You feel unable to drink.
* * * LOW HITPOINT WARNING * * *
The ghost moth stares at you.
The quicksilver dragon bites you but does no damage.
You block the quicksilver dragon's attack.
You block the bone dragon's attack.
The bone dragon claws you but does no damage.
The bone dragon closely misses you.
The electric golem blinks!
The Killer Klown pokes out its tongue.
The Killer Klown completely misses you. The bone dragon completely misses you.
The bone dragon claws you but does no damage.
The bone dragon tramples you.
* * * LOW HITPOINT WARNING * * *
You are shoved backwards!
You stop ascending the stairs.
As you read the scroll of summoning, it crumbles to dust.
Wisps of shadow whirl around you...
The quicksilver dragon breathes dispelling energy at you.
The bolt of dispelling energy hits you!!
You die...

**≈≈,≈≈,** #.8.#*,********,*
*≈≈,≈≈,,* #...#*,********,*
*≈≈,≈≈*,** ##.≈.##,,,,,,,,,,*
**≈≈,≈≈*,,* ##≈...≈##******,***
≈≈≈≈,≈≈**,** #≈[....≈#***###,,,*
≈≈≈≈,≈***,,*##.......##8.......#
,,,,,** **,*#≈...y...≈##.......#
≈≈≈≈≈* *,##.yD.Dp...p....####*
≈≈≈≈≈*****,#≈.qd@D....'..⌠...##
,,,,,,,,,,,##.Dd.pDL..'....#####
≈≈≈≈≈*****{,#≈..d.y..§##.)....?#
≈≈≈≈≈* *,,##.d.p§..dd8)))....#
≈≈*≈** *{,*#≈...8§§#1.)).....#*
≈**** *,,*##§...≈##.###..y...,
** *,,* ##.≈§###{# *,##y##*
*,,** #...# #{# *,*,,,,, *,,,*
#.8.# #.# *,*,{***


You could see 2 bone dragons, 4 Killer Klowns, an electric golem, a dread lich,
a Brimstone Fiend (summoned), 2 draconians, a quicksilver dragon (catching
breath, ally target), 2 ghost moths, a friendly shadow dragon (summoned), a
friendly red draconian monk (summoned), a friendly golden dragon (summoned), a
friendly purple draconian (summoned), 2 friendly draconians, a friendly white
draconian (summoned) and a friendly moth of wrath (summoned).

Vanquished Creatures
  Dissolution (Slime:2)
  Khufu (Crypt:2)
  Tiamat (Zot:4)
  A juggernaut (Depths:5)
  A royal mummy (Crypt:2)
  Bai Suzhen (Depths:2)
  Saint Roka (Vaults:3)
  A curse toe (Zot:3)
  3 golden dragons
  3 bone dragons
  A Brimstone Fiend (Spider:4)
  9 tentacled monstrosities
  2 liches
  A titan (Vaults:5)
  A deep elf blademaster (Elf:3)
  4 quicksilver dragons
  A deep elf master archer (Elf:3)
  19 acid blobs
  8 sphinxes
  6 ancient champions
  4 death cobs
  A thorn hunter (Swamp:2)
  Agnes (Spider:2)
  9 storm dragons
  7 tengu reavers
  2 shadow dragons
  Roxanne (Spider:2)
  A draconian monk (Zot:2)
  6 azure jellies
  A rockslime (Slime:2)
  A fenstrider witch (Swamp:4)
  3 draconian knights
  A cacodemon (Vaults:4)
  2 orc warlords
  3 imperial myrmidons (Desolation)
  4 deep elf sorcerers
  3 fire giants
  6 frost giants
  The ghost of Vustuapn the Pandemonic, a journeyman DDFi of Makhleb (Spider:4)
  4 vault wardens
  2 draconian scorchers
  3 ghost moths
  2 curse skulls
  A deep elf elementalist (Elf:1)
  3 draconian shifters
  12 ironbound preservers
  16 quicksilver oozes
  A ghoul (Crypt:3)
  4 emperor scorpions
  2 draconian stormcallers
  A draconian annihilator (Depths:5)
  15 very ugly things
  A caustic shrike skeleton (Crypt:3)
  13 stone giants
  3 spriggan defenders
  5 vampire knights
  A starcursed mass (Abyss:2)
  2 war gargoyles (Vaults:5)
  7 green draconians
  3 deep elf demonologists
  Nessos (Lair:5)
  9 deep elf annihilators
  7 black draconians
  2 entropy weavers
  5 purple draconians
  2 bunyips
  2 yellow draconians (Zot:2)
  5 dire elephants
  The ghost of crasatator the Grappler, a journeyman TrMo of Trog (Lair:2)
  3 eidola
  4 white draconians
  3 red draconians
  10 spark wasps
  Snorg (Lair:4)
  2 eleionomae
  A crystal guardian (Desolation)
  6 deep elf death magi
  2 jiangshi
  9 ettins
  5 ragged hierophants (Desolation)
  A merfolk impaler (Depths:1)
  3 fire dragons
  13 great orbs of eyes
  4 ironbound thunderhulks
  4 deep elf high priests
  32 vault guards
  12 yaktaur captains
  Harold (D:9)
  2 spriggan air magi
  A servant of whispers (Desolation)
  2 peacekeepers (Desolation)
  8 boulder beetles
  9 ice dragons
  12 hydras
  2 rakshasas
  A hydra (shapeshifter) (Vaults:5)
  A ghost crab (Swamp:2)
  6 centaur warriors
  4 death knights
  A catoblepas (Lair:6)
  6 ironbound frosthearts
  22 dancing weapons
  6 deep troll shamans
  3 two-headed ogres
  4 tengu warriors
  2 deep troll earth magi
  2 alligators
  2 death yaks (Lair:4)
  3 hell hogs (Abyss:2)
  A titan zombie (Crypt:2)
  4 orc high priests
  A soul eater (Crypt:1)
  5 spriggan berserkers
  4 ironbound beastmasters
  9 hell knights
  2 vampire magi
  A thrashing horror (Abyss:2)
  A storm dragon zombie (Crypt:2)
  23 deep elf knights
  3 titan skeletons (Crypt:3)
  2 iron trolls
  3 goliath frogs
  14 skeletal warriors
  3 wretched stars (Abyss:2)
  2 sea snakes (shapeshifter)
  5 glowing orange brains
  2 large abominations (Abyss:2)
  A spark wasp zombie (Depths:3)
  17 ironbound convokers
  3 bog bodies
  4 flayed ghosts
  49 deep trolls
  21 wizards
  2 deep elf archers
  6 swamp dragons
  3 harpies (Vaults:3)
  A golden dragon skeleton (Crypt:3)
  13 orb spiders
  An anaconda skeleton (Crypt:1)
  13 phantasmal warriors
  A wolf spider zombie (Crypt:2)
  38 ugly things
  12 necromancers
  A harpy (shapeshifter) (D:15)
  5 lindwurms (Vaults:3)
  21 deep elf pyromancers
  22 deep elf zephyrmancers
  28 wolf spiders
  18 orc knights
  2 orc sorcerers
  Pikel (D:5)
  2 will-o-the-wisps (Swamp:4)
  A shadow dragon skeleton (Crypt:1)
  6 cyclopes
  A salamander (Depths:5)
  An oklob plant (Lair:2)
  4 shining eyes
  A manticore (D:14)
  A cyclops (shapeshifter) (Vaults:4)
  An iron dragon skeleton (Crypt:1)
  18 moths of wrath
  A human skeleton (Vaults:4)
  Joseph (D:7)
  3 stone giant skeletons
  A rust devil (Abyss:2)
  4 black mambas
  3 fire giant skeletons
  3 elephants (Lair:5)
  A guardian serpent (Desolation)
  An apocalypse crab (Abyss:2)
  3 torpor snails
  14 vault sentinels
  5 cane toads
  2 water nymphs (Swamp:3)
  2 eyes of devastation
  A storm dragon simulacrum (Crypt:1)
  2 rime drakes
  10 yaktaurs
  2 unseen horrors (D:12)
  A black draconian zombie (Crypt:3)
  An iron troll zombie (Crypt:3)
  4 tengu conjurers
  9 freezing wraiths
  8 komodo dragons
  An efreet (D:13)
  16 demonic crawlers
  A black draconian skeleton (Crypt:1)
  A merfolk (shapeshifter) (Vaults:5)
  7 polar bears
  7 tyrant leeches
  A polar bear (shapeshifter) (Vaults:4)
  31 jumping spiders
  6 trolls
  18 hornets
  Grinder (D:2)
  A hornet (shapeshifter) (Vaults:4)
  A queen bee (shapeshifter) (D:13)
  A raiju (Lair:6)
  9 blink frogs
  A slime creature (shapeshifter) (Vaults:5)
  40 saltlings
  Prince Ribbit (D:9)
  A hydra skeleton (Crypt:3)
  41 slime creatures
  57 redbacks
  An iron dragon simulacrum (Depths:3)
  Sigmund (D:4)
  A spriggan zombie (Depths:3)
  3 air elementals
  13 spriggans
  A vampire (D:9)
  Eustachio (D:4)
  16 water elementals
  An ettin skeleton (Vaults:1)
  A yak (shapeshifter) (Abyss:2)
  A wyvern (D:9)
  A wind drake zombie (Crypt:2)
  44 yaks
  27 tarantellas
  7 wraiths
  Grum (D:8)
  4 fire elementals
  12 golden eyes
  5 vampire mosquitoes
  2 neqoxecs (Abyss:2)
  Menkaure (D:4)
  A steam dragon (D:7)
  3 acid dragons
  10 wargs
  A warg (shapeshifter) (Vaults:4)
  17 swamp worms
  A torturous demonspawn zombie (Crypt:3)
  11 water moccasins
  A water nymph skeleton (Crypt:3)
  2 floating eyes
  2 floating eyes (shapeshifter)
  7 hell hounds (Lair:6)
  8 swamp drakes
  6 black bears
  A black bear (shapeshifter) (D:14)
  7 ogres
  8 ice beasts
  43 orc warriors
  A deep troll simulacrum (Vaults:4)
  A sky beast (D:6)
  An ice beast (shapeshifter) (Vaults:4)
  6 necrophages
  A tengu (Orc:1)
  3 snapping turtle skeletons
  5 boggarts (Vaults:3)
  26 wolves
  2 lemures (D:5)
  5 centaurs
  A hog skeleton (Crypt:1)
  2 earth elementals (Elf:1)
  4 kobold brigands
  Blork the orc (D:5)
  8 bullfrogs
  A wyvern zombie (D:8)
  3 scorpions
  A palentonga skeleton (Crypt:2)
  2 gnoll sergeants
  A small abomination (Abyss:2)
  A salamander skeleton (Crypt:2)
  A queen bee zombie (Crypt:2)
  9 wights (Crypt:3)
  2 howler monkeys
  7 electric eels
  2 lava snakes (Lair:3)
  2 centaur zombies
  A basilisk zombie (Crypt:3)
  5 hounds
  20 orc priests
  2 bullfrog skeletons
  A centaur skeleton (D:6)
  A gnoll shaman (D:5)
  A human zombie (Crypt:2)
  An iron imp (Spider:3)
  Jessica (D:3)
  7 iguanas
  2 scorpion zombies
  13 orc wizards
  3 killer bee zombies
  A mummy (Crypt:2)
  Robin (D:3)
  2 howler monkey skeletons
  11 gnolls
  8 adders
  11 white imps
  An ufetubus (D:6)
  2 worms
  A barachi skeleton (Crypt:3)
  3 dart slugs
  73 orcs
  15 ball pythons
  6 endoplasms
  3 giant cockroaches
  A gnoll zombie (Crypt:2)
  15 goblins
  17 hobgoblins
  9 jackals
  29 kobolds
  8 quokkas
  8 bats
  A frilled lizard (shapeshifter) (Depths:4)
  4 frilled lizards
  A giant cockroach zombie (Crypt:2)
  A goblin skeleton (Crypt:2)
  A goblin zombie (Crypt:1)
  A quokka skeleton (Crypt:1)
  8 rats
  A bush (D:3)
1875 creatures vanquished.

Vanquished Creatures (collateral kills)
  the Royal Jelly (Slime:5)
  A dread lich (Crypt:3)
  An ancient lich (Vaults:5)
  The ghost of rigao the Eclecticist, a legendary GnWn of Elyvilon (Vaults:4)
  A royal mummy (Crypt:2)
  Sojobo (Crypt:1)
  Margery (Depths:1)
  3 golden dragons
  Nikola (Elf:1)
  Jory (Crypt:1)
  Arachne (Spider:4)
  Rupert (Lair:4)
  13 tentacled monstrosities
  Jorgrun (D:13)
  3 titans
  A deep elf blademaster (Elf:3)
  A quicksilver dragon (Zot:1)
  7 acid blobs
  Frances (D:12)
  An ancient champion (Crypt:3)
  2 thorn hunters
  6 shadow dragons
  2 storm dragons
  2 death cobs (Zot:2)
  A draconian monk (Zot:1)
  3 tengu reavers
  9 rockslimes
  Donald (Swamp:2)
  4 azure jellies (Slime:5)
  A deep elf sorcerer (Elf:3)
  A fire giant (Depths:2)
  2 cacodemons (Vaults:4)
  2 frost giants
  Louise (D:15)
  An emperor scorpion (Spider:4)
  2 ghost moths (Spider:4)
  A caustic shrike zombie (Crypt:2)
  5 vault wardens
  A draconian shifter (Zot:1)
  The ghost of PeterMcNeter the Severer, a journeyman HOFi of Qazlal (D:12)
  A draconian annihilator (Zot:2)
  5 stone giants
  9 very ugly things
  3 ghouls (Crypt:3)
  Aizul (Swamp:3)
  3 draconian stormcallers
  A war gargoyle (Vaults:4)
  2 quicksilver oozes (Slime:5)
  7 ironbound preservers
  A caustic shrike skeleton (Crypt:3)
  3 deep elf demonologists (Elf:3)
  2 red draconians
  2 dire elephants (Vaults:4)
  3 green draconians (Zot:1)
  2 white draconians (Zot:1)
  3 entropy weavers
  A purple draconian (Zot:4)
  8 spark wasps
  3 deep elf annihilators
  A halazid warlock (Desolation)
  3 black draconians
  5 eleionomae
  An eidolon (Crypt:2)
  5 deep elf death magi
  2 ettins
  A crystal guardian (Vaults:4)
  7 ragged hierophants (Desolation)
  A fire dragon (Depths:5)
  2 shambling mangroves (Swamp:4)
  3 yaktaur captains
  4 jiangshi
  A deep elf high priest (Vaults:5)
  2 great orbs of eyes
  9 hydras
  2 rakshasas
  2 ironbound thunderhulks
  2 boulder beetles
  8 vault guards
  A catoblepas (D:13)
  9 peacekeepers
  2 centaur warriors (Vaults:3)
  A servant of whispers (Vaults:2)
  A spriggan air mage (Depths:2)
  2 ironbound frosthearts
  2 death knights (D:12)
  7 dancing weapons
  A death yak (Lair:4)
  2 tengu warriors (D:15)
  2 vampire magi
  7 alligators
  2 deep troll earth magi (D:15)
  Urug (D:12)
  A thrashing horror (Abyss:2)
  An orc high priest (Orc:2)
  A deep troll shaman (Depths:4)
  An ironbound beastmaster (Vaults:1)
  3 spriggan berserkers
  A sun demon (Abyss:2)
  3 hell knights
  6 deep elf knights
  2 shadow wraiths (Crypt:2)
  3 titan skeletons (Crypt:3)
  2 iron trolls (Depths:2)
  2 goliath frogs
  8 skeletal warriors
  2 flayed ghosts
  8 swamp dragons
  A death drake (Swamp:4)
  10 deep trolls
  A bog body (Swamp:4)
  3 spriggan druids
  5 deep elf archers
  2 glowing orange brains (Vaults:4)
  2 wizards (D:14)
  An orange crystal statue (Elf:3)
  An anaconda skeleton (Crypt:2)
  6 orc knights
  A lindwurm (Vaults:3)
  2 necromancers
  A wolf spider zombie (Crypt:3)
  5 deep elf pyromancers
  6 ironbound convokers
  The ghost of PanSaczeczos the Sneak, a novice KoVM of Vehumet (D:9)
  18 wolf spiders
  7 deep elf zephyrmancers
  4 orb spiders
  An eleionoma zombie (Crypt:1)
  4 orc sorcerers
  A worldbinder (Abyss:2)
  A frost giant zombie (Depths:3)
  A frost giant skeleton (Crypt:3)
  A centaur zombie (D:11)
  17 ugly things
  4 vault sentinels
  2 elephants (Lair:5)
  A spriggan zombie (Depths:3)
  A human skeleton (Vaults:1)
  2 ice statues (IceCv)
  An orange demon (Abyss:2)
  2 cane toads
  A dire elephant skeleton (Crypt:3)
  A shock serpent skeleton (Crypt:3)
  An emperor scorpion zombie (Crypt:1)
  Psyche (D:10)
  An elephant slug zombie (Crypt:3)
  4 rime drakes
  A white draconian zombie (Crypt:2)
  4 komodo dragons
  4 freezing wraiths
  3 tengu conjurers
  A catoblepas skeleton (Crypt:2)
  9 demonic crawlers
  6 yaktaurs
  A hydra zombie (Crypt:2)
  5 trolls
  21 jumping spiders
  A bloated husk (Swamp:2)
  21 hornets
  4 polar bears (Lair:6)
  15 slime creatures
  A yaktaur skeleton (Vaults:1)
  A blink frog (Lair:6)
  2 raiju (Lair:6)
  3 tyrant leeches
  21 saltlings (Desolation)
  A fire dragon skeleton (Crypt:3)
  2 ettin skeletons (Crypt:3)
  40 redbacks
  2 water elementals
  10 spriggans
  12 tarantellas
  A wyvern (Lair:4)
  A redback (shapeshifter) (Vaults:4)
  An elf zombie (Vaults:1)
  A black mamba skeleton (Crypt:3)
  25 yaks
  2 golden eyes
  7 vampire mosquitoes
  A neqoxec (Abyss:2)
  2 steam dragons (Lair:6)
  A basilisk (Lair:6)
  A yaktaur simulacrum (Vaults:1)
  3 swamp worms
  A cane toad zombie (Crypt:2)
  4 wargs
  7 hell hounds (Lair:6)
  An acid dragon (Lair:6)
  4 water moccasins
  7 ice beasts (IceCv)
  4 swamp drakes
  20 orc warriors
  7 black bears (Lair:6)
  An ogre (Orc:2)
  A boggart (shapeshifter) (Depths:4)
  11 wolves
  3 centaurs (D:14)
  A snapping turtle skeleton (Crypt:3)
  A small abomination (Abyss:2)
  A bullfrog (Lair:4)
  2 earth elementals
  5 wights (Crypt:3)
  2 electric eels
  Crazy Yiuf (D:4)
  A hound (D:9)
  6 orc priests
  An iguana (Lair:6)
  4 orc wizards
  3 gnolls
  2 white imps (Lair:6)
  15 orcs
773 creatures vanquished.

Vanquished Creatures (others)
  A deep elf master archer (Elf:3)
  A death cob (Zot:1)
  A vault warden (Vaults:3)
  A bunyip (Swamp:3)
  3 deep elf archers
  A human skeleton (Vaults:4)
  5 yaktaurs
  2 bloated husks
  A shadow (D:13)
  2 redbacks (Spider:3)
  20 knights
  3 ancestors
  An orc (D:10)
  4 foxfires (Swamp:4)
  39 fungi
  61 plants
146 creatures vanquished.

Grand Total: 2794 creatures vanquished

Notes
Turn   | Place    | Note
-------+----------+-------------------------------------------
     0 | D:1      | Ge0ff the Formicid Arcane Marksman began the quest for the
                  | Orb.
     0 | D:1      | Reached XP level 1. HP: 15/15 MP: 2/2
   388 | D:1      | Reached skill level 1 in Stealth
   475 | D:1      | Reached XP level 2. HP: 22/22 MP: 3/3
   838 | D:1      | Reached XP level 3. HP: 27/27 MP: 4/4
  1408 | D:1      | Reached skill level 1 in Armour
  1564 | D:2      | Found a blossoming altar of Fedhas.
  1602 | D:2      | Reached XP level 4. HP: 28/33 MP: 5/5
  2076 | D:2      | Reached XP level 5. HP: 27/38 MP: 6/6
  3424 | D:3      | Found a white marble altar of Elyvilon.
  3432 | D:3      | Noticed Robin
  3472 | D:3      | Killed Robin
  3714 | D:3      | Reached skill level 5 in Slings
  3714 | D:3      | Reached XP level 6. HP: 19/47 MP: 7/7
  3977 | D:3      | Noticed Grinder
  4373 | D:3      | Found Ulioj's Antique Weapon Shop.
  4432 | D:2      | You fall into a shaft and drop 2 floors!
  4589 | D:4      | Noticed Sigmund
  4856 | D:3      | Found a faded altar of an unknown god.
  4987 | D:3      | Found a blossoming altar of Fedhas.
  5273 | D:3      | Noticed Jessica
  5277 | D:3      | Killed Jessica
  5547 | D:3      | Reached XP level 7. HP: 47/52 MP: 8/8
  5955 | D:4      | Found an ornate altar of the Wu Jian Council.
  6080 | D:4      | Noticed Menkaure
  6091 | D:4      | Killed Menkaure
  6305 | D:4      | Killed Sigmund
  6306 | D:4      | Reached XP level 8. HP: 39/58 MP: 9/9
  6580 | D:2      | Found a blossoming altar of Fedhas.
  6739 | D:2      | Killed Grinder
  7476 | D:4      | Found a runed translucent door.
  7477 | D:4      | Noticed Crazy Yiuf
  7506 | D:5      | Entered Level 5 of the Dungeon
  7725 | D:5      | Reached skill level 10 in Slings
  7871 | D:5      | Found an opulent altar of Gozag.
  7938 | D:5      | Noticed Pikel
  7976 | D:5      | Killed Pikel
  7977 | D:5      | Reached XP level 9. HP: 37/65 MP: 10/10
  8152 | D:5      | Found a stormy altar of Qazlal.
  8234 | D:5      | Noticed Eustachio
  8341 | D:4      | Killed Eustachio
  8797 | D:5      | Noticed Blork the orc
  8935 | D:5      | Reached skill level 5 in Fighting
  9256 | D:6      | Found a staircase to the Ecumenical Temple.
  9262 | Temple   | Entered the Ecumenical Temple
 10440 | D:7      | Noticed Joseph
 10749 | D:7      | Identified the ring of Otrost {Fly rElec rPois Str+6 Dex-4}
 10962 | D:7      | Reached skill level 1 in Evocations
 11008 | D:7      | Reached XP level 10. HP: 75/75 MP: 11/11
 11532 | D:7      | Killed Joseph
 11977 | D:5      | Killed Blork the orc
 12115 | D:8      | Found a flagged portal.
 12230 | D:8      | Identified the +2 chain mail "Zamous" {rF+ Will- Str+3}
 12285 | Bailey   | Entered a bailey
 12285 | Bailey   | Noticed an orc knight
 12290 | Bailey   | Reached skill level 5 in Evocations
 12304 | Bailey   | Noticed an orc knight
 12305 | Bailey   | Noticed an orc knight
 12321 | Bailey   | Killed an orc knight
 12358 | Bailey   | Killed an orc knight
 12392 | Bailey   | Killed an orc knight
 12507 | Bailey   | Noticed an orc knight
 12567 | Bailey   | Killed an orc knight
 12568 | Bailey   | Reached skill level 10 in Fighting
 12568 | Bailey   | Reached XP level 11. HP: 68/90 MP: 12/12
 12588 | Bailey   | Identified the ring of Midwinter {Wiz rPois}
 12776 | D:8      | Found a shadowy altar of Dithmenos.
 12778 | D:8      | Found a hazy altar of Hepliaklqana.
 12783 | D:8      | Became a worshipper of Hepliaklqana the Forgotten
 12850 | D:8      | Reached skill level 1 in Crossbows
 13368 | D:8      | Noticed Grum
 13390 | D:8      | Killed Grum
 13391 | D:8      | Reached skill level 2 in Crossbows
 13942 | D:9      | Identified a scroll of acquirement
 13943 | D:9      | Acquired a +1 vorpal fustibalus
 13958 | D:9      | Noticed Harold
 13968 | D:9      | Killed Harold
 13969 | D:9      | Reached skill level 3 in Crossbows
 13969 | D:9      | Reached skill level 1 in Shields
 14061 | D:9      | Found a runed translucent door.
 14068 | D:9      | Found a hide-covered altar of Uskayaw.
 14183 | D:9      | Reached * piety under Hepliaklqana
 14202 | D:9      | Found Daib's Lightly-Used Armoury.
 14261 | D:9      | Reached skill level 4 in Crossbows
 14369 | D:9      | Reached skill level 5 in Armour
 14563 | D:9      | Identified the +10 spear of the Sea {elec, rC+}
 14564 | D:9      | Noticed PanSaczeczos's ghost (novice KoVM)
 14727 | D:9      | Noticed Prince Ribbit
 14732 | D:9      | Killed Prince Ribbit
 15003 | D:4      | Killed Crazy Yiuf
 15180 | D:10     | Entered Level 10 of the Dungeon
 15280 | D:9      | Reached skill level 5 in Crossbows
 15394 | D:10     | Found a staircase to the Lair.
 15410 | D:10     | Reached XP level 12. HP: 88/88 MP: 13/13
 15626 | D:10     | Noticed Psyche
 15637 | D:10     | Killed Psyche
 16056 | D:10     | Found a staircase to the Orcish Mines.
 16098 | D:10     | Reached skill level 6 in Crossbows
 16292 | D:10     | Found a sacrificial altar of Ru.
 16374 | D:10     | Found a glowing silver altar of Zin.
 16580 | D:11     | Reached ** piety under Hepliaklqana
 16581 | D:11     | Remembered your ancestor AntBot 5000 as a knight
 16675 | D:11     | Noticed a two-headed ogre
 16683 | D:11     | Killed a two-headed ogre
 16948 | D:11     | Reached skill level 5 in Shields
 17116 | D:11     | Reached skill level 7 in Crossbows
 17625 | Lair:1   | Entered Level 1 of the Lair of Beasts
 17903 | Lair:1   | Reached *** piety under Hepliaklqana
 18003 | Lair:1   | Reached skill level 1 in Invocations
 18212 | Lair:1   | Reached XP level 13. HP: 95/95 MP: 14/14
 18903 | Lair:2   | Reached skill level 8 in Crossbows
 18941 | Lair:2   | Noticed a seven-headed hydra
 18947 | Lair:2   | Noticed a seven-headed hydra
 18949 | Lair:2   | Killed a seven-headed hydra
 18953 | Lair:2   | Killed a seven-headed hydra
 19085 | Lair:2   | Found a staircase to the Swamp.
 19183 | Lair:2   | Noticed crasatator's ghost (journeyman TrMo)
 19187 | Lair:2   | Found a runed translucent door.
 19524 | Lair:2   | Reached **** piety under Hepliaklqana
 19535 | Lair:2   | Found a hole to the Spider Nest.
 20559 | Lair:3   | Found a runed translucent door.
 20587 | Lair:3   | Identified the +5 whip "Soyvvaq" {freeze, Fly Int+6}
 20593 | Lair:3   | Noticed a boulder beetle
 20606 | Lair:3   | Killed a boulder beetle
 20607 | Lair:3   | Reached skill level 9 in Crossbows
 20888 | Lair:4   | Noticed Rupert
 20891 | Lair:4   | You are sucked into a shaft and drop 2 floors!
 20891 | Lair:6   | Entered Level 6 of the Lair of Beasts
 20931 | Lair:6   | Noticed a seven-headed hydra
 20934 | Lair:6   | Noticed a four-headed hydra
 20941 | Lair:6   | Killed a seven-headed hydra
 20943 | Lair:6   | Killed a four-headed hydra
 20986 | Lair:6   | Found a frozen archway.
 21011 | Lair:6   | Noticed a five-headed hydra
 21021 | Lair:6   | Killed a five-headed hydra
 21022 | Lair:6   | Reached XP level 14. HP: 98/102 MP: 17/17
 21081 | IceCv    | Entered an ice cave
 21617 | IceCv    | Reached skill level 5 in Invocations
 22023 | Lair:6   | Reached skill level 5 in Dodging
 22643 | Lair:6   | Reached skill level 10 in Crossbows
 23849 | Lair:6   | Noticed a dire elephant
 23919 | Lair:6   | Killed a dire elephant
 24407 | Lair:5   | Noticed Nessos
 24413 | Lair:5   | Killed Nessos
 24588 | Lair:5   | Reached XP level 15. HP: 102/108 MP: 18/18
 24785 | Lair:5   | Found a staircase to the Slime Pits.
 24786 | Lair:5   | Found a viscous altar of Jiyva.
 25212 | Lair:5   | Reached ***** piety under Hepliaklqana
 25409 | Lair:4   | Noticed Snorg
 25417 | Lair:4   | Killed Snorg
 25418 | Lair:4   | Reached skill level 11 in Crossbows
 25462 | Lair:4   | You are sucked into a shaft and drop 2 floors!
 25572 | Lair:4   | You are sucked into a shaft and drop 1 floor!
 25619 | Lair:4   | Killed Rupert
 26252 | D:9      | Killed PanSaczeczos's ghost
 26325 | Orc:1    | Entered Level 1 of the Orcish Mines
 26356 | Orc:1    | Noticed Maurice
 26358 | Orc:1    | Noticed Maurice
 26358 | Orc:1    | Maurice changed into Maurice the tengu
 26363 | Orc:1    | Killed Maurice the tengu
 26368 | Orc:1    | Found Cosil's Book Boutique.
 26810 | Orc:2    | Entered Level 2 of the Orcish Mines
 26810 | Orc:2    | Found Xief's Antique Weapon Shop.
 26810 | Orc:2    | Noticed an orc warlord
 26895 | Orc:2    | Found a staircase to the Elven Halls.
 26978 | Orc:2    | Reached skill level 10 in Evocations
 27087 | Orc:2    | Found Nusir's Antique Armour Boutique.
 27396 | Orc:2    | Found Paubrasy's Jewellery Shop.
 27507 | Orc:2    | Killed an orc warlord
 27751 | Orc:2    | Bought a pair of embroidered boots for 300 gold pieces
 27905 | Orc:2    | Found Fiynnuot's General Store.
 27919 | Orc:2    | Reached skill level 12 in Crossbows
 27946 | Orc:2    | Bought 23 sling bullets for 184 gold pieces
 28192 | Orc:2    | Bought a faintly humming chain mail for 380 gold pieces
 28192 | Orc:2    | Identified the +3 chain mail "Guteweh" {rElec rPois Regen+
                  | SInv} (You bought it in a shop on level 2 of the Orcish
                  | Mines)
 28350 | Lair:5   | Reached skill level 10 in Shields
 28543 | Lair:2   | Killed crasatator's ghost
 28544 | Lair:2   | Reached XP level 16. HP: 116/116 MP: 15/19
 28929 | D:12     | Noticed Frances
 28936 | D:12     | Killed Frances
 29568 | D:12     | Found a runed translucent door.
 29580 | D:12     | Noticed PeterMcNeter's ghost (journeyman HOFi)
 29601 | D:12     | Killed PeterMcNeter's ghost
 29986 | D:13     | Noticed Jorgrun
 30054 | D:13     | Noticed Urug
 30060 | D:12     | Killed Urug
 30107 | D:13     | Killed Jorgrun
 30405 | D:13     | Reached skill level 13 in Crossbows
 30656 | D:13     | Found Mocup's Magic Scroll Shop.
 30659 | D:13     | Bought a scroll of fog for 30 gold pieces
 30659 | D:13     | Bought a scroll of vulnerability for 112 gold pieces
 31093 | D:14     | Cast into level 2 of the Abyss (a wizard)
 31279 | Abyss:2  | Gained mutation: You are frail. (-10% HP) [a neqoxec]
 31293 | Abyss:2  | Reached XP level 17. HP: 109/109 MP: 14/16
 31329 | Abyss:2  | Reached skill level 10 in Armour
 31373 | D:14     | Escaped the Abyss
 31378 | D:14     | Lost mutation: You are frail. (-10% HP) [potion of
                  | mutation]
 31378 | D:14     | Gained mutation: You have large cloven feet. [potion of
                  | mutation]
 31378 | D:14     | Gained mutation: You expend magic power (3 MP) to
                  | strengthen your wands. [potion of mutation]
 31378 | D:14     | Gained mutation: Your flesh is heat resistant. (rF+)
                  | [potion of mutation]
 31378 | D:14     | Gained mutation: You are strong-willed. (Will+) [potion of
                  | mutation]
 31709 | D:14     | Found a bloodstained altar of Trog.
 32211 | D:14     | Found a gate to the Vaults.
 32226 | D:14     | Reached skill level 14 in Crossbows
 32307 | D:15     | Entered Level 15 of the Dungeon
 32395 | D:15     | Found a huge runed gate.
 32395 | D:15     | Found a huge runed gate.
 32395 | D:15     | Found a huge runed gate.
 32395 | D:15     | Found a huge runed gate.
 32395 | D:15     | Found a huge runed gate.
 32395 | D:15     | Found a huge runed gate.
 32396 | D:15     | Found a huge runed gate.
 32396 | D:15     | Found a huge runed gate.
 32396 | D:15     | Found a huge runed gate.
 32396 | D:15     | Found a huge runed gate.
 32396 | D:15     | Found a huge runed gate.
 32396 | D:15     | Found a huge runed gate.
 32397 | D:15     | Found a huge runed gate.
 32398 | D:15     | Found a huge runed gate.
 32399 | D:15     | Found a huge runed gate.
 32400 | D:15     | Found a huge runed gate.
 32407 | D:15     | Found a shadowy altar of Dithmenos.
 32411 | D:15     | Found a huge runed gate.
 32411 | D:15     | Found a huge runed gate.
 32411 | D:15     | Found a huge runed gate.
 32411 | D:15     | Found a huge runed gate.
 32411 | D:15     | Found a huge runed gate.
 32412 | D:15     | Found a huge runed gate.
 32722 | D:15     | Found a huge runed gate.
 32727 | D:15     | Found a huge runed gate.
 32727 | D:15     | Found a huge runed gate.
 32733 | D:15     | Found a huge runed gate.
 32733 | D:15     | Found a huge runed gate.
 32733 | D:15     | Found a huge runed gate.
 32733 | D:15     | Found a huge runed gate.
 32733 | D:15     | Found a huge runed gate.
 32733 | D:15     | Found a huge runed gate.
 32883 | D:15     | Found a staircase to the Depths.
 32952 | D:15     | Noticed Louise
 32982 | D:15     | Killed Louise
 33382 | D:15     | Found a huge runed gate.
 33383 | D:15     | Found a huge runed gate.
 33389 | D:15     | Noticed a tengu reaver
 33389 | D:15     | Noticed a shadow dragon
 33647 | D:15     | Killed a shadow dragon
 33847 | D:15     | Reached XP level 18. HP: 126/132 MP: 22/22
 34196 | Swamp:1  | Entered Level 1 of the Swamp
 34213 | Swamp:1  | Reached skill level 15 in Crossbows
 34828 | Swamp:1  | Identified the +8 rapier of Divine Tender Mercy {freeze,
                  | +Blink rPois Will+++ Str-3}
 35173 | Swamp:2  | Noticed Donald
 35192 | Swamp:2  | Killed Donald
 35684 | Swamp:2  | Reached ****** piety under Hepliaklqana
 35879 | Swamp:3  | Noticed Aizul
 35891 | Swamp:3  | Killed Aizul
 36177 | Swamp:3  | Reached skill level 15 in Fighting
 36661 | Swamp:4  | Entered Level 4 of the Swamp
 36791 | Swamp:4  | Reached skill level 16 in Crossbows
 36986 | Swamp:4  | Reached XP level 19. HP: 139/139 MP: 25/25
 37166 | Swamp:4  | Acquired the +0 pair of fencer's gloves {Riposte Dex+3}
 37167 | Swamp:4  | Found the +0 pair of fencer's gloves {Riposte Dex+3}
 37363 | Swamp:4  | Noticed a tentacled monstrosity
 37377 | Swamp:4  | Killed a tentacled monstrosity
 38165 | Swamp:4  | Got a decaying rune of Zot
 38353 | Spider:1 | Entered Level 1 of the Spider Nest
 38671 | Spider:1 | Reached skill level 10 in Invocations
 39133 | Spider:1 | Reached skill level 17 in Crossbows
 39734 | Spider:2 | Noticed Agnes
 39738 | Spider:2 | Reached XP level 20. HP: 141/147 MP: 24/27
 40353 | Spider:2 | Killed Agnes
 40429 | Spider:2 | Identified Roxanne's Handbook of Stones
 40429 | Spider:2 | Noticed Roxanne
 40441 | Spider:2 | Killed Roxanne
 40864 | Spider:2 | Reached skill level 15 in Shields
 41475 | Spider:4 | Entered Level 4 of the Spider Nest
 41497 | Spider:4 | Reached skill level 18 in Crossbows
 42301 | Spider:4 | Found a runed translucent gate.
 42301 | Spider:4 | Found a runed translucent gate.
 42301 | Spider:4 | Found a runed translucent gate.
 42302 | Spider:4 | Noticed Vustuapn's ghost (journeyman DDFi)
 42563 | Spider:4 | Noticed Arachne
 42572 | Spider:4 | Killed Arachne
 43068 | Spider:4 | Noticed a Brimstone Fiend
 43099 | Spider:4 | Killed a Brimstone Fiend
 43101 | Spider:4 | Reached XP level 21. HP: 80/154 MP: 12/30
 43222 | Spider:4 | Killed Vustuapn's ghost
 43253 | Spider:4 | Identified the +1 cloak of Beeror {Rampage rF+ Stlth+}
 43381 | Spider:4 | Got a gossamer rune of Zot
 43644 | Elf:1    | Entered Level 1 of the Elven Halls
 44273 | Elf:1    | Found Bois's General Store.
 44290 | Elf:1    | Bought a potion of curing for 39 gold pieces
 44290 | Elf:1    | Bought a wand of paralysis (7) for 117 gold pieces
 44290 | Elf:1    | Bought a scroll of enchant weapon for 97 gold pieces
 44472 | Elf:1    | Noticed Nikola
 44492 | Elf:1    | Killed Nikola
 45251 | Elf:2    | Found an ancient bone altar of Kikubaaqudgha.
 45543 | Elf:2    | Identified the +6 battleaxe of Tayl {venom, rF+++}
 45559 | Elf:2    | Found a huge runed translucent gate.
 45559 | Elf:2    | Found a huge runed translucent gate.
 45559 | Elf:2    | Found a huge runed translucent gate.
 45559 | Elf:2    | Found a huge runed translucent gate.
 45565 | Elf:2    | Identified the +5 bardiche of the Open Hand {flame, Str+4}
 45567 | Elf:2    | Found a huge runed translucent gate.
 45753 | Elf:2    | Reached XP level 22. HP: 163/163 MP: 31/31
 46271 | Elf:3    | Entered Level 3 of the Elven Halls
 46376 | Elf:3    | Acquired the +7 lajatang of Order {silver, rMut}
 46377 | Elf:3    | Found the +7 lajatang of Order {silver, rMut}
 46454 | Elf:3    | Found a shimmering blue altar of Sif Muna.
 46532 | Elf:3    | Found Kyisor's Antique Weapon Shop.
 46542 | Elf:3    | Found Cycsut's Magic Scroll Shoppe.
 46624 | Elf:3    | Found Juqiggur's Jewellery Shop.
 47324 | Elf:3    | Acquired 358 gold pieces
 47325 | Elf:3    | Acquired a +2 triple crossbow of freezing
 47530 | Elf:3    | Reached skill level 19 in Crossbows
 47642 | Elf:3    | Identified the Almanac of Ignition and Transmutation
 47644 | Elf:3    | Identified Sif Muna's Collected Works on Creative Earth
 47651 | Elf:3    | Identified the +1 chain mail "Pogreusa" {rElec Str+2 SInv}
 47658 | Elf:3    | Identified the Guide on Creative Weightlessness
 47695 | Elf:3    | Identified the +4 ring mail of the Tired Orbs {rC- rN+++
                  | Will- Dex+5}
 47695 | Elf:3    | Identified the amulet "Kahukhopusch" {RegenMP Harm rPois
                  | rC++ Dex-5}
 47798 | Elf:3    | Identified the Almanac of Dark Rituals and Venom
 47819 | Elf:3    | Identified the ring "Duurch" {Fire Will- rCorr Dex+7 Slay-6
                  | Stlth+}
 48106 | Vaults:1 | Entered Level 1 of the Vaults
 48627 | Vaults:1 | Reached skill level 20 in Crossbows
 48633 | Vaults:1 | Reached XP level 23. HP: 169/169 MP: 33/33
 49698 | Vaults:2 | Found a ruined gateway.
 49747 | Desolati | Entered the Desolation of Salt
 49762 | Desolati | Reached skill level 21 in Crossbows
 50335 | Desolati | Identified the +7 morningstar "Joiweloi" {vorpal, rElec
                  | Int+2 Dex+2}
 50339 | Desolati | Identified Sif Muna's Incunabulum of Execration and Venom
 50479 | Desolati | Identified the +8 broad axe "Fayroc" {protect, Dex+2}
 50479 | Desolati | Identified the ring of Finality {Fly rCorr Slay+4}
 50571 | Desolati | Identified the +4 plate armour of Panentheism {rElec Int+4}
 50795 | Desolati | Identified the Catalogue of Dislocation and the Oath
 51137 | Vaults:2 | Reached skill level 22 in Crossbows
 51689 | Vaults:2 | Reached XP level 24. HP: 175/175 MP: 33/33
 51812 | Vaults:3 | Found Doatoj's Armour Emporium.
 52163 | Vaults:3 | Reached skill level 23 in Crossbows
 52537 | Vaults:3 | Found a staircase to the Crypt.
 52537 | Vaults:3 | Found an ancient bone altar of Kikubaaqudgha.
 52538 | Vaults:3 | Found a basalt altar of Yredelemnul.
 52588 | Vaults:3 | Found Zoulausm's Antique Weapon Emporium.
 52716 | Vaults:3 | Noticed Saint Roka
 52723 | Vaults:3 | Killed Saint Roka
 53487 | Vaults:4 | Reached skill level 24 in Crossbows
 53509 | Vaults:4 | Found a runed translucent gate.
 53509 | Vaults:4 | Found a runed translucent gate.
 53509 | Vaults:4 | Found a runed translucent gate.
 53757 | Vaults:4 | Reached XP level 25. HP: 181/181 MP: 33/33
 53945 | Vaults:4 | Found Fuaczaak's Armour Shoppe.
 54883 | Vaults:4 | Found a runed translucent gate.
 54883 | Vaults:4 | Found a runed translucent gate.
 54889 | Vaults:4 | Noticed rigao's ghost (legendary GnWn)
 54891 | Vaults:4 | Found a runed translucent gate.
 54896 | Vaults:4 | Gained mutation: You are frail. (-10% HP) [a cacodemon]
 54906 | Vaults:4 | Killed rigao's ghost
 54907 | Vaults:4 | Reached skill level 25 in Crossbows
 54909 | Vaults:4 | Learned a level 1 spell: Apportation
 55097 | Vaults:4 | Reached XP level 26. HP: 167/167 MP: 33/33
 55103 | Vaults:4 | Identified the +0 pair of gloves "Tuulomoi" {+Inv Str+2}
                  | (You found it on level 4 of the Vaults)
 55259 | Crypt:1  | Entered Level 1 of the Crypt
 55530 | Crypt:1  | Noticed Sojobo
 55546 | Crypt:1  | Killed Sojobo
 55946 | Crypt:1  | You are sucked into a shaft and drop 1 floor!
 56328 | Crypt:1  | Noticed Jory
 56334 | Crypt:1  | Killed Jory
 56708 | Crypt:2  | Reached skill level 26 in Crossbows
 56837 | Crypt:2  | Noticed a royal mummy
 56840 | Crypt:2  | Noticed a royal mummy
 56841 | Crypt:2  | Noticed Khufu
 56846 | Crypt:2  | Killed a royal mummy
 56850 | Crypt:2  | Killed a royal mummy
 56853 | Crypt:2  | Killed Khufu
 57223 | Crypt:2  | Reached XP level 27. HP: 172/172 MP: 33/33
 57477 | Crypt:3  | Entered Level 3 of the Crypt
 58289 | Crypt:3  | Found a staircase to the Tomb.
 58492 | Crypt:3  | Reached skill level 27 in Crossbows
 58713 | Crypt:3  | Reached skill level 1 in Translocations
 59261 | Crypt:3  | Noticed a dread lich
 59268 | Crypt:3  | Killed a dread lich
 59494 | Vaults:5 | Entered Level 5 of the Vaults
 59654 | Vaults:4 | You are sucked into a shaft and drop 1 floor!
 59728 | Vaults:5 | Found the +2 hat of the Bear Spirit {Spirit, +Rage rN+
                  | Will++}
 59765 | Vaults:5 | Identified the +8 rapier of the Equinox {antimagic, Fragile
                  | rF+++ Str+7}
 59774 | Vaults:5 | Identified the +11 whip of the Leaping Jester {flame, rPois
                  | rC- rN++ Stlth+}
 59783 | Vaults:5 | Got a silver rune of Zot
 59822 | Vaults:5 | Noticed an ancient lich
 59827 | Vaults:5 | Killed an ancient lich
 59828 | Vaults:5 | Reached skill level 1 in Throwing
 59828 | Vaults:5 | Reached skill level 10 in Dodging
 60288 | Vaults:5 | Reached skill level 5 in Spellcasting
 60796 | Vaults:5 | Identified the Reference Book on the Icy Voyage
 61081 | Vaults:5 | Identified the +4 dagger of the Swamp {freeze, +Blink rF++
                  | rC+}
 61189 | Vaults:5 | Reached skill level 5 in Translocations
 61220 | Vaults:5 | Identified the +0 scale mail "Nuekhum" {rN++}
 61491 | Vaults:5 | Identified the +10 hunting sling of the Living Dead {venom,
                  | rC- Int+3}
 61804 | Depths:1 | Entered Level 1 of the Depths
 61819 | Depths:1 | Reached skill level 15 in Invocations
 61882 | Depths:1 | Found Akliozxa's Jewellery Emporium.
 62103 | Depths:1 | Noticed Margery
 62113 | Depths:1 | Killed Margery
 62133 | Depths:1 | Found a gateway to Hell.
 62359 | Depths:1 | Found a white marble altar of Elyvilon.
 62657 | Depths:1 | Reached skill level 15 in Evocations
 62871 | Depths:2 | Found Yzujefof's Distillery.
 62883 | Depths:2 | Bought a potion of mutation for 184 gold pieces
 62883 | Depths:2 | Bought a potion of heal wounds for 115 gold pieces
 62883 | Depths:2 | Bought a potion of resistance for 230 gold pieces
 62883 | Depths:2 | Bought a potion of cancellation for 184 gold pieces
 62883 | Depths:2 | Bought a potion of curing for 69 gold pieces
 62883 | Depths:2 | Bought a potion of might for 92 gold pieces
 62883 | Depths:2 | Bought a potion of curing for 69 gold pieces
 63043 | Depths:2 | Reached skill level 5 in Throwing
 63058 | Depths:2 | Found a portal to a secret trove of treasure.
 63112 | Depths:2 | Noticed Bai Suzhen
 63123 | Depths:2 | Killed Bai Suzhen
 63186 | Depths:2 | Acquired the +6 arbalest "Damnation" {damnation}
 63187 | Depths:2 | Found the +6 arbalest "Damnation" {damnation}
 63303 | Depths:2 | Found a glowing golden altar of the Shining One.
 63303 | Depths:2 | Found a white marble altar of Elyvilon.
 63304 | Depths:2 | Found a glowing silver altar of Zin.
 63913 | Depths:3 | Found a one-way gate leading to the halls of Pandemonium.
 64073 | Depths:3 | Identified the +9 quick blade of Taesug {freeze, rElec
                  | rPois Will+}
 64118 | Depths:3 | Found a one-way gate to the infinite horrors of the Abyss.
 64883 | Depths:3 | Acquired 556 gold pieces
 65627 | Depths:5 | Entered Level 5 of the Depths
 65631 | Depths:5 | Noticed a juggernaut
 65708 | Depths:5 | Killed a juggernaut
 65823 | Depths:5 | Reached skill level 15 in Armour
 66003 | Depths:5 | Found a gateway to a ziggurat.
 66037 | Depths:5 | Identified the ring "Arghit" {rElec rPois rF++ Will- rCorr
                  | Dex+4}
 66075 | Depths:5 | Found a gate to the Realm of Zot.
 66152 | Depths:5 | Found a bloodstained altar of Trog.
 66672 | Slime:1  | Entered Level 1 of the Pits of Slime
 66704 | Slime:2  | Noticed Dissolution
 66708 | Slime:2  | Killed Dissolution
 67225 | Slime:5  | Entered Level 5 of the Pits of Slime
 67251 | Slime:5  | Reached skill level 10 in Throwing
 67261 | Slime:5  | Noticed the Royal Jelly
 67808 | Slime:5  | Killed the Royal Jelly
 68071 | Slime:5  | Found the +9 staff of Olgreb {rPois∞}
 68085 | Slime:5  | Identified the +2 falchion "Hiygruj" {freeze, rElec}
 68105 | Slime:5  | Got a slimy rune of Zot
 68114 | Slime:5  | Identified the ring "Kefiw" {rN+ Int+6 Dex+3}
 68122 | Slime:5  | Identified the ring "Jeinapo" {EV+4 Str+8 Int+4 Slay-3}
 68160 | Slime:5  | Identified the Reference Book on the Snowflakes
 68168 | Slime:5  | Identified the +3 scale mail "Zacy" {Harm *Slow Dex+5
                  | Stlth+}
 68184 | Slime:5  | Identified the +8 eveningstar "Dragonslayer" {flame, +Rage
                  | rF++ Will+ Dex-4}
 68201 | Slime:5  | Identified the +0 leather armour of the Salmon {rElec rCorr
                  | Dex+5 Slay-2}
 68213 | Slime:5  | Identified the +2 robe of Skepticism {Int+4}
 68216 | Slime:5  | Identified the +1 robe "Qalaysam" {Int+4}
 68882 | Depths:2 | You showed the slimy rune of Zot to enter a treasure trove
 68883 | Trove    | Entered a treasure trove
 68888 | Trove    | Found the amulet of Vitality {Regen+ HP+15}
 68895 | Trove    | Identified the amulet "Utathrot" {Reflect rPois rN+ SH+5}
 68897 | Trove    | Identified the amulet of the Cockroach {RegenMP rF+}
 68916 | Trove    | Identified the amulet "Qaunoup" {Rampage Regen+ Str+3}
 69055 | Zot:1    | Entered Level 1 of the Realm of Zot
 70086 | D:13     | Bought a scroll of enchant weapon for 112 gold pieces
 70086 | D:13     | Bought a scroll of magic mapping for 52 gold pieces
 70086 | D:13     | Bought a scroll of enchant armour for 112 gold pieces
 70228 | Orc:2    | Bought a scroll of enchant weapon for 120 gold pieces
 70228 | Orc:2    | Bought a potion of magic for 128 gold pieces
 70228 | Orc:2    | Bought a potion of heal wounds for 80 gold pieces
 70228 | Orc:2    | Bought a wand of iceblast (8) for 192 gold pieces
 70325 | Elf:3    | Bought a scroll of enchant armour for 105 gold pieces
 70325 | Elf:3    | Bought a scroll of vulnerability for 105 gold pieces
 70325 | Elf:3    | Bought 3 scrolls of vulnerability for 315 gold pieces
 71819 | Zot:2    | Identified the ring "Riqufe Jucwo" {Ice rPois rCorr Str+5
                  | Int-5}
 72681 | Zot:3    | You are sucked into a shaft and drop 1 floor!
 72681 | Zot:4    | Found the +4 dragonskin cloak
 72681 | Zot:4    | Noticed Tiamat
 72692 | Zot:4    | Noticed a dread lich
 72693 | Zot:4    | Killed Tiamat
 72693 | Zot:4    | Noticed a Killer Klown
 72694 | Zot:4    | Reached skill level 15 in Dodging
 72695 | Zot:4    | Noticed a Killer Klown
 72696 | Zot:4    | Noticed a Killer Klown
 72696 | Zot:4    | Noticed a Killer Klown
 72703 | Zot:4    | Killed from afar by a quicksilver dragon

Illustrated notes

Levels and vault maps discovered:
D:1:      tarquinn_simple_flora_water_a, layout_basic
D:2:      layout_basic, basic_altar, minmay_snake_closets
D:3:      layout_basic, fedhas_ov_isle_minmay, lemuel_crystal_altar,
          ebering_ecumenical_altar_mist, serial_shops,
          nicolae_shop_overgrown_old_shop, uniq_grinder, uniq_robin,
          uniq_jessica
D:4:      layout_basic, nzn_wu_jian_contemplation, kennysheep_dice,
          uniq_sigmund, uniq_crazy_yiuf_cottage, uniq_menkaure
D:5:      layout_basic, nicolae_qazlal_style_of_elements, lemuel_round_altar,
          kennysheep_nub, chequers_decorated_corner, uniq_blork_the_orc,
          uniq_pikel, uniq_eustachio
D:6:      layout_cave_pools, minmay_temple_entry_arrows, dk_noncrumbling_3
D:7:      layout_gridville, uniq_joseph
D:8:      layout_basic, riverfiend_overflow_shadow_ancestor, enter_bailey_5,
          nicolae_two_hexagons, uniq_grum
D:9:      layout_irregular_city, nicolae_uskayaw_dance_hall,
          ebering_ghost_funeral_grove, minmay_shop_damaged, uniq_harold,
          uniq_prince_ribbit1
D:10:     layout_roguey, zin_treasury, nicolae_overflow_crystal_walls,
          erik_lair_island, minmay_orc_entry_temple_small, uniq_psyche
D:11:     layout_irregular_city
D:12:     layout_roguey [special_room_orc], ebering_ghost_reflecting_pool,
          uniq_frances
D:13:     layout_roguey, special_room [special_room_orc], serial_shops,
          nicolae_shop_behind_doors, uniq_jorgrun, uniq_urug
D:14:     minmay_tri_stars, layout_small_grid, erik_vaults_2,
          lemuel_coloured_pillars_altar
D:15:     hangedman_depths_entry_civil_slaughter, layout_basic,
          grunt_dithmenos_smoke, door_vault, uniq_louise
Temple:   nicolae_temple_hex_pool
Lair:1:   layout_gridlike, grunt_megastairs_2, infiniplex_staircase_pool_2
Lair:2:   layout_cave_pods, palyth_hydra_swamp_entry,
          spider_nest_entry_web_field, hellmonk_ghost_happy_afterlife,
          minmay_lair_oklob_chamber
Lair:3:   gammafunk_indiana_jones, layout_gridlike, serial_bayou_shore_b,
          serial_bayou_shore_a
Lair:4:   layout_misc_corridors, uniq_rupert, uniq_snorg
Lair:5:   layout_hall_layers, slime_altar_1, st_stairs_5, uniq_nessos
Lair:6:   guppyfry_lair_end_dragon, layout_loops_ring,
          hangedman_lair_caniforms_friends, portal_ice_cave_entry_imps,
          chequers_serial_rivers_large_b, serial_bayou_pond_b
Swamp:1:  layout_basic_swamp, serial_swamp_ruin, evilmike_swamp_ruin_house_1,
          evilmike_swamp_ruin_house_4, evilmike_swamp_ruin_wall, swamp_pool4
Swamp:2:  layout_basic_swamp, nicolae_swamp_well_well_well, uniq_donald
Swamp:3:  layout_basic_swamp, evilmike_swamp_ruin_house_3,
          nicolae_swamp_nymph_family_reunion, uniq_aizul
Swamp:4:  swamp_basic_johnstein, layout_basic_swamp, swamp_pool1
Spider:1: nicolae_spider_hilbert_zone_1 [nicolae_spider_hilbert_4_sides_1_open,
          nicolae_spider_hilbert_4_sides_1_open,
          nicolae_spider_hilbert_4_sides_1_open,
          nicolae_spider_hilbert_4_sides_1_open,
          nicolae_spider_hilbert_3_sides_1_open,
          nicolae_spider_hilbert_3_sides_1_open,
          nicolae_spider_hilbert_3_sides_1_open,
          nicolae_spider_hilbert_3_sides_1_open,
          nicolae_spider_hilbert_3_sides_1_open,
          nicolae_spider_hilbert_6_sides_1_open,
          nicolae_spider_hilbert_6_sides_1_open,
          nicolae_spider_hilbert_3_sides_1_open,
          nicolae_spider_hilbert_3_sides_1_open,
          nicolae_spider_hilbert_3_sides_1_open,
          nicolae_spider_hilbert_3_sides_1_open,
          nicolae_spider_hilbert_2_sides_1_open],
          nicolae_spider_some_kinda_spiderbox
Spider:2: layout_spider_delve, guppyfry_spider_mini_2, uniq_roxanne, uniq_agnes
Spider:3: layout_spider_delve, nicolae_crawler_farm
Spider:4: spider_rune_water, gammafunk_ghost_tricky_traps,
          nicolae_spider_stair_cavern, uniq_arachne
Slime:1:  layout_caves
Slime:2:  layout_caves, uniq_dissolution
Slime:3:  layout_caves
Slime:4:  layout_caves, nicolae_slime_welcoming_committee
Slime:5
Orc:1:    layout_caves, serial_shops, shop, uniq_maurice
Orc:2:    grunt_orc_gardens, layout_caves, grunt_orc_garden, grunt_orc_garden,
          grunt_orc_garden, grunt_orc_garden, mines5_lemuel
Elf:1:    layout_loops_corners, serial_shops, nicolae_shop_stone, minivault_28,
          drop_trap, uniq_nikola
Elf:2:    layout_geoelf_octagon, special_room [special_room_orc], basic_altar,
          hangedman_elf_power_crystal
Elf:3:    elf_hall_gauntlet_narrow, layout_geoelf_octagon, basic_altar,
          serial_shops, shop_fountains, shop, shop, serial_corexii_hall,
          chequers_hall_statues_y, corexii_hall_statues_t, minivault_16,
          small_statue_intersection
Vaults:1: hangedman_vaults_trim, ontoclasm_vaults_hangar, grunt_vaults_funnel,
          grunt_vaults_bifocal, v_misc_10, v_misc_4, hangedman_vaults_slither,
          ontoclasm_vaults_ligature, nicolae_vaults_big_angled_halls,
          hangedman_vaults_slice, nicolae_vaults_display_case,
          nicolae_vaults_little_ls, vaults_dpeg_ring, layout_vaults_omnibox
Vaults:2: v_misc_5, dpeg_vaults_monster_row, hangedman_vaults_river_flow,
          hangedman_vaults_restitches, nicolae_vaults_little_squares_1,
          vaults_mumra_hexcomb, v_misc_8, v_misc_16, layout_vaults_omnicross,
          portal_desolation_entry_nicolae_nacl
Vaults:3: nicolae_vaults_quadrants, v_rooms_2, vaults_room_hallway,
          nicolae_vaults_ring_of_whatevers, v_alt_pattern_6,
          minmay_crypt_entry_necro_gods, v_misc_19, vaults_room_door_hall,
          hangedman_vaults_nails, dpeg_vaults_monster_box, v_misc_24,
          v_pattern_2, layout_vaults_ring, serial_shops, shop_statue,
          uniq_saint_roka
Vaults:4: ploomutoo_gammafunk_vaults_ghost_potion_laboratory, v_alt_pattern_2,
          v_misc_33, vaults_room_stairs_pillars, vaults_room_door_hall,
          v_misc_3, layout_vaults_chaotic_city, serial_shops,
          nicolae_shop_crystal
Vaults:5
Crypt:1:  layout_basic, uniq_sojobo, uniq_jory
Crypt:2:  layout_gridlike, uniq_khufu
Crypt:3:  due_elkab, layout_chaotic_city, serial_sigils,
          serial_sigils_hangedman_confine, serial_sigils_hangedman_stare
Depths:1: layout_cave_pools, grunt_metal_band, nicolae_benzene_ring,
          serial_shops, shop, grunt_decor_mini_mirrors, hangedman_decor_lopped,
          minmay_misc_feat_enclosed, kennysheep_another_room,
          serial_bayou_ford_a, nicolae_elyvilon_temple_path
Depths:2: minmay_outward_triangles, layout_gridlike, good_gods_mini_temple,
          hell_entry, nicolae_trove_entry_crossroad,
          minmay_staircase_statues_hall_small, minmay_shop_star, uniq_bai_suzhen
Depths:3: kennysheep_ambush_hall, layout_gridlike,
          nicolae_abyss_entry_one_way_or_another, serial_rivers,
          chequers_serial_rivers_room_b, chequers_serial_rivers_room_a,
          chequers_serial_rivers_small_a, chequers_serial_rivers_micro_d,
          chequers_serial_rivers_micro_c, chequers_serial_rivers_room_b,
          pan_entry, pf_coc_iceberg, dk_noncrumbling_2
Depths:4: minmay_angry_zag, layout_cave_pools, hell_entry, abyss_entry,
          kennysheep_cluttered_room, minmay_staircase_statues
Depths:5: grunt_zot_entry_funnels, layout_cave_pools, enter_ziggurat_f,
          hell_entry, trog_three_pillars_becter
Zot:1:    kennysheep_blocky_hall, layout_basic
Zot:2:    kennysheep_oblong_rooms, layout_gridlike, st_small_dragon_hoard_2,
          grunt_ministairs_14
Zot:3:    minmay_elemental_castle, layout_gridlike
Zot:4:    ebering_greatest_show_in_zot, layout_basic, uniq_tiamat

Skill      XL: |  1  2  3  4  5  6  7  8  9 10 11 12 13 14 15 16 17 18 19 20 21 22 23 24 25 26 27 |
---------------+----------------------------------------------------------------------------------+-----
Stealth        | 1 2 |  2.0
Fighting       | 2 3 4 5 10 11 12 13 14 15 16 17 21 | 21.5
Slings         | 3 4 5 6 8 10 12 13 14 | 14.0
Armour         | 1 2 3 5 6 7 8 9 10 11 12 19 | 19.3
Dodging        | 2 3 4 5 7 8 9 15 | 15.0
Evocations     | 1 5 6 7 8 9 10 11 12 13 15 | 15.0
Crossbows      | 5 7 9 10 12 13 14 16 17 18 20 22 24 25 26 27 | 27.0
Shields        | 3 5 7 8 10 11 12 13 14 15 | 15.0
Invocations    | 1 4 5 6 8 10 12 13 17 | 17.0
Translocations | 7 |  7.0
Spellcasting   | 5 |  5.0
Throwing       | 13 | 13.1
Hexes          | |  3.6

Action                   |  1- 3 |  4- 6 |  7- 9 | 10-12 | 13-15 | 16-18 | 19-21 | 22-24 | 25-27 || total
-------------------------+-------+-------+-------+-------+-------+-------+-------+-------+-------++-------
Melee: Unarmed           |    14 |       |       |       |       |       |       |       |       ||    14
       Dagger            |     5 |       |       |       |       |       |       |       |       ||     5
       Halberd           |       |    43 |       |       |       |       |       |       |       ||    43
       Falchion          |       |       |     2 |       |       |       |       |       |       ||     2
       Short sword       |       |       |       |       |     4 |       |       |       |       ||     4
       Arbalest          |       |       |       |       |       |       |       |       |     1 ||     1
 Fire: Hunting sling     |   114 |   334 |   610 |   387 |       |       |       |       |       ||  1445
       Fustibalus        |       |       |       |   429 |  1225 |  1310 |   191 |       |       ||  3155
       Arbalest          |       |       |       |       |    12 |    47 |   922 |   174 |   641 ||  1796
       Triple crossbow   |       |       |       |       |       |       |       |   646 |   929 ||  1575
Throw: Throwing net      |       |       |     4 |     2 |     3 |     2 |     2 |       |     6 ||    19
       Dart              |       |       |       |     9 |     8 |    15 |     1 |     1 |     1 ||    35
 Cast: Apportation       |       |       |       |       |       |       |       |       |    16 ||    16
Invok: Recall Ancestor   |       |       |       |     3 |     9 |     3 |     9 |     1 |     9 ||    34
       Ancestor Identity |       |       |       |     1 |       |       |       |       |       ||     1
       Ancestor Life: Kn |       |       |       |     1 |       |       |       |       |       ||     1
       Idealise          |       |       |       |       |     4 |    10 |     7 |     5 |    15 ||    41
 Abil: Dig               |       |     2 |     9 |     1 |     8 |     4 |    10 |     3 |     5 ||    42
       Shaft Self        |       |     1 |       |       |     3 |       |       |       |       ||     4
Evoke: Wand              |       |       |       |     3 |    13 |    24 |    10 |     2 |     3 ||    55
       Tin of tremorston |       |       |       |       |       |       |       |     8 |     8 ||    16
       Phial of floods   |       |       |       |       |       |       |       |     1 |     1 ||     2
       Condenser vane    |       |       |       |       |       |       |       |       |     6 ||     6
       Box of beasts     |       |       |       |       |       |       |       |       |     1 ||     1
       Phantom mirror    |       |       |       |       |       |       |       |       |     1 ||     1
  Use: Scroll            |       |     4 |     2 |    17 |     5 |     3 |     4 |    12 |    29 ||    76
       Potion            |       |     7 |       |       |       |     1 |     5 |       |     1 ||    14
 Stab: Paralysed         |       |       |       |       |     4 |       |       |       |       ||     4
Armor: Robe              |    10 |       |       |       |       |       |       |       |       ||    10
       Leather armour    |     4 |    25 |       |       |       |       |       |       |       ||    29
       Skin              |       |    11 |       |       |       |       |       |       |       ||    11
       Ring mail         |       |     3 |    49 |       |       |       |       |       |       ||    52
       Chain mail        |       |       |       |    46 |    99 |    69 |   207 |    82 |   186 ||   689
Dodge: Dodged            |    50 |    73 |   148 |   111 |   124 |    96 |   232 |    70 |   166 ||  1070
Block: Tower shield      |       |       |       |     9 |   281 |   273 |   512 |   212 |   384 ||  1671
       Rpst.: Arbalest   |       |       |       |       |       |       |    32 |     1 |    11 ||    44
       Fustibalus        |       |       |       |       |       |       |     1 |       |       ||     1
       Triple crossbow   |       |       |       |       |       |       |       |    10 |    10 ||    20

Table legend: (Time is in decaauts)
 A = Elapsed time spent in this place.
 B = Non-inter-level travel time spent in this place.
 C = Inter-level travel time spent in this place.
 D = Time resting spent in this place.
 E = Time spent auto-exploring this place.
 F = Levels seen in this place.
 G = Mean time per level.
                   A        B        C        D        E       F      G
               +--------+--------+--------+--------+--------+-----+--------+
         Total |  72223 |  65903 |   6320 |   2987 |  43799 |  62 | 1164.9 |
       Dungeon |  22753 |  20395 |   2358 |   1655 |  12773 |  15 | 1516.9 |
        Temple |     94 |     74 |     20 |      0 |     74 |   1 |   94.0 |
          Lair |   8528 |   7438 |   1090 |     59 |   5535 |   6 | 1421.3 |
         Swamp |   3916 |   3793 |    123 |    235 |   2518 |   4 |  979.0 |
   Spider Nest |   5233 |   4875 |    358 |    264 |   2942 |   4 | 1308.2 |
    Slime Pits |   1941 |   1785 |    156 |    322 |   1065 |   5 |  388.2 |
  Orcish Mines |   1996 |   1765 |    231 |     63 |   1150 |   2 |  998.0 |
   Elven Halls |   4640 |   4214 |    426 |     40 |   2809 |   3 | 1546.7 |
        Vaults |   8512 |   7946 |    566 |    165 |   5357 |   5 | 1702.4 |
         Crypt |   4163 |   3991 |    172 |      0 |   2996 |   3 | 1387.7 |
        Depths |   5090 |   4398 |    692 |    100 |   3405 |   5 | 1018.0 |
           Zot |   2686 |   2561 |    125 |     11 |   2083 |   4 |  671.5 |
         Abyss |    260 |    260 |      0 |      0 |      0 |   1 |  260.0 |
         Trove |     42 |     42 |      0 |      0 |      0 |   1 |   42.0 |
        Bailey |    343 |    343 |      0 |      0 |    132 |   1 |  343.0 |
      Ice Cave |    904 |    904 |      0 |     25 |    601 |   1 |  904.0 |
    Desolation |   1115 |   1115 |      0 |     47 |    359 |   1 | 1115.0 |
               +--------+--------+--------+--------+--------+-----+--------+

Top non-repeatable levels by time:
  Lair:6: 2586 daAuts
     D:3: 2510 daAuts
     D:2: 2327 daAuts
Vaults:4: 2215 daAuts
Spider:4: 2038 daAuts
Vaults:5: 2026 daAuts
 Crypt:3: 1894 daAuts
   Elf:3: 1868 daAuts
Spider:1: 1861 daAuts
    D:15: 1731 daAuts
Vaults:1: 1641 daAuts
     D:5: 1609 daAuts
Vaults:3: 1606 daAuts
     D:7: 1595 daAuts
     D:1: 1497 daAuts
